 Dungeon Crawl Stone Soup version 0.18-a0-1186-gd02dc51 (webtiles) character file.

1110 JustSomeDude the Shield-Bearer (level 8, -4/100 HPs)
             Began as a Demonspawn Fighter on Jan 28, 2016.
             Slain by a sky beast (5 damage)
             ... on level 6 of the Dungeon.
             The game lasted 00:13:22 (4801 turns).

JustSomeDude the Shield-Bearer (Demonspawn Fighter) Turns: 4801, Time: 00:13:22

Health: -4/100     AC: 24    Str: 17    XL:     8   Next: 11%
Magic:  8/8        EV:  4    Int: 11    God:
Gold:   236        SH: 10    Dex: 18    Spells: 0 memorised, 7 levels left

rFire  . . .     SeeInvis .     a - +0 trident
rCold  . . .     Gourm    .     (armour currently unavailable)
rNeg   + + +     Faith    .     c - +0 shield
rPois  +         Spirit   .     (helmet currently unavailable)
rElec  .         Dismiss  .     (cloak currently unavailable)
rCorr  .         Reflect  .     (gloves currently unavailable)
SustAt .         Harm     .     (boots currently unavailable)
MR     .....     NoTele   +     (no amulet)
Stlth  +++.......               (no ring)
                                (no ring)

@: agile, lethally poisoned (-4 -> -5), tree-form, very slightly contaminated,
hasted, very quick, not resistant to hostile enchantments, fairly stealthy
A: (claws 0), repulsion field 1, powered by death 1, robust 1
a: no special abilities


You were on level 6 of the Dungeon.
You were not hungry.
You were a tree.
You visited 2 branches of the dungeon, and saw 7 of its levels.

You collected 236 gold pieces.

Inventory:

Hand Weapons
 a - a +0 trident (weapon)
 p - a +0 blowgun
Missiles
 q - 4 tomahawks (quivered)
 s - 43 poisoned needles
Armour
 b - a +0 scale mail (melded)
 c - a +0 shield (worn)
 k - a +0 cloak (melded)
 E - a +0 chain mail
Jewellery
 r - an uncursed ring of fire {unknown}
Wands
 v - a wand of enslavement (6/24)
 x - a wand of enslavement (10/24)
 A - a wand of slowing (34/48)
 C - a wand of slowing (31/48)
Scrolls
 d - 2 scrolls of identify
 i - 3 scrolls of recharging {unknown}
 l - 3 scrolls of remove curse {unknown}
 n - a scroll of fear {unknown}
 o - 2 scrolls of amnesia {unknown}
 t - a scroll of enchant weapon {unknown}
 w - a scroll of noise {unknown}
 y - 2 scrolls of immolation {unknown}
 z - 3 scrolls of teleportation {unknown}
Potions
 e - a potion of lignification
 h - 2 potions of haste
Comestibles
 f - 5 bread rations
 j - 2 fruits
 m - 2 meat rations
 B - 2 beef jerkies


   Skills:
 + Level 4.4 Fighting
 + Level 3.9 Polearms
 + Level 4.7 Armour
 + Level 4.1 Dodging
 + Level 5.1 Shields


You had 7 spell levels left.
You didn't know any spells.

Dungeon Overview and Level Annotations

Branches:
Dungeon (6/15)             Temple (1/1) D:6

Altars:
Ashenzari
Cheibriados
Elyvilon
Fedhas
Kikubaaqudgha
Makhleb
Nemelex Xobeh
Okawaru
Pakellas
Sif Muna
Vehumet
Xom
Yredelemnul
Zin
The Shining One


Innate Abilities, Weirdness & Mutations

((You have sharp fingernails.))
You are surrounded by a mild repulsion field (EV +2).
You regenerate a little health from kills.
You are robust (+10% HP).


Message History

You hit something.
You feel sick. Something hits you but does no damage.
You hit something.
You feel sick. You block its attack.
You miss something. You completely miss something.
You feel sick. Something hits you but does no damage.
You miss something. Something hits you but does no damage.
You barely miss something.
You feel sick. Something hits you but does no damage.
You miss something. You miss something.
You feel sick. Something hits you but does no damage.
You closely miss something. You block its attack.
You hit something. Something hits you but does no damage.
You closely miss something.
You feel sick.
You closely miss something. Something hits you but does no damage.
You barely miss something. Something hits you but does no damage.
You hit something.
You feel sick. Something hits you but does no damage.
You miss something. Something hits you.
* * * LOW HITPOINT WARNING * * *
Something shocks you.
You die...

.>......# ........#
...... .§§§.. ........#
..... ....§≈ .......##
.... ..§§§≈
.$......####
...##...≈≈#
........##.## .....§§§#
............## ≈.)≈≈§
.............####''####
..|............(♣{....#
............<...##....#
................# ....#
................# ....#
.....[..........#
###..#
................# #.#
...............# ..#
.$..........### .#
######....##


There were no monsters in sight!

Vanquished Creatures
  The ghost of Kuruc the Slinger, an amateur HaHu of Elyvilon (D:3)
  2 phantoms (D:4)
  2 ogres
  A centaur (D:4)
  A crimson imp (D:5)
  A centaur zombie (D:6)
  2 orc priests
  4 orc wizards
  Terence (D:2)
  A worker ant (D:6)
  A worker ant zombie (D:5)
  8 adders
  2 shadow imps
  An adder skeleton (D:5)
  6 worms
  2 giant geckos
  10 orcs
  5 bats
  4 giant cockroaches
  8 goblins
  5 hobgoblins
  10 jackals
  2 quokkas (D:3)
  A ball python (D:3)
  A giant newt (D:2)
  A jackal skeleton (D:6)
  A jackal zombie (D:5)
  14 kobolds
  A quokka skeleton (D:4)
  11 rats
110 creatures vanquished.

Vanquished Creatures (collateral kills)
  An adder (D:6)
  An orc (D:6)
2 creatures vanquished.

Grand Total: 112 creatures vanquished

Notes
Turn   | Place    | Note
--------------------------------------------------------------
     0 | D:1      | JustSomeDude the Demonspawn Fighter began the quest for the Orb.
     0 | D:1      | Reached XP level 1. HP: 18/18 MP: 1/1
   128 | D:1      | Gained mutation: You are surrounded by a mild repulsion field (EV +2). [demonic ancestry]
   128 | D:1      | Reached XP level 2. HP: 14/24 MP: 2/2
   783 | D:2      | Gained mutation: You regenerate a little health from kills. [demonic ancestry]
   783 | D:2      | Reached XP level 3. HP: 22/29 MP: 3/3
  1215 | D:2      | Noticed Terence
  1239 | D:2      | Killed Terence
  1239 | D:2      | Reached XP level 4. HP: 14/35 MP: 4/4
  1462 | D:2      | Reached skill level 1 in Dodging
  1815 | D:3      | Reached XP level 5. HP: 15/41 MP: 5/5
  2233 | D:3      | Gained mutation: You are robust (+10% HP). [potion of beneficial mutation]
  2254 | D:3      | HP: 3/67 [something/magic dart (3)]
  2261 | D:3      | Reached skill level 4 in Shields
  2275 | D:3      | Reached XP level 6. HP: 46/51 MP: 6/6
  2557 | D:3      | Noticed Kuruc's ghost (amateur HaHu)
  2602 | D:3      | Killed Kuruc's ghost
  2602 | D:3      | Gained mutation: You have sharp fingernails. [demonic ancestry]
  2602 | D:3      | Reached XP level 7. HP: 31/58 MP: 7/7
  3235 | D:4      | Reached skill level 5 in Shields
  3454 | D:5      | Entered Level 5 of the Dungeon
  3594 | D:5      | Reached XP level 8. HP: 65/67 MP: 8/8
  4142 | D:5      | Found a basalt altar of Yredelemnul.
  4142 | D:5      | Found a shattered altar of Ashenzari.
  4349 | D:6      | Found a staircase to the Ecumenical Temple.
  4421 | Temple   | Entered the Ecumenical Temple
  4788 | D:6      | HP: 5/100 [poison (a potion of poison)]
  4794 | D:6      | HP: 3/100 [poison (a potion of poison)]
  4800 | D:6      | HP: 2/100 [poison (a potion of poison)]
  4801 | D:6      | Slain by a sky beast

Vault maps used:
D:1:      dpeg_arrival_ternary
D:2:      minmay_misc_feat_tiny, uniq_terence
D:3:      minivault_19
D:4:      kennysheep_crisscross
D:5:      gammafunk_temple_overflow_elements, first_bread
D:6:      minmay_temple_entry_junction2, kennysheep_cross_room,
          hangedman_decor_opposing
Temple:   nicolae_temple_figure_eight

Action                   |  1- 3 |  4- 6 |  7- 9 || total
-------------------------+-------+-------+-------++-------
Melee: Trident           |   189 |   276 |   287 ||   752
Evoke: Wand              |       |       |     3 ||     3
  Use: Potion            |       |     7 |     5 ||    12
       Scroll            |       |       |     1 ||     1
  Eat: Chunk             |     1 |     5 |     2 ||     8
       Fruit             |       |       |     2 ||     2
       Meat ration       |       |       |     1 ||     1
